 Dungeon Crawl Stone Soup version 0.22-a0-40-g3d2f077 (webtiles) character file.

532 Faca the Cudgeler (level 7, -4/44 HPs)
             Began as a Gargoyle Fighter on Jan 5, 2018.
             Slain by a mummy (10 damage)
             ... in an ossuary.
             The game lasted 00:08:02 (2975 turns).

Faca the Cudgeler (Gargoyle Fighter)                Turns: 2975, Time: 00:08:03

Health: -4/44      AC: 12    Str: 21    XL:     7   Next: 24%
Magic:  7/7        EV: 12    Int:  8    God:
Gold:   133        SH: 10    Dex: 15    Spells: 6/6 levels left

rFire    . . .     SeeInvis .   a - +1 flail
rCold    . . .     Gourm    .   c - +0 shield
rNeg     + . .     Faith    .   b - +0 scale mail
rPois    ∞         Spirit   .   (no helmet)
rElec    +         Reflect  .   (no cloak)
rCorr    .         Harm     .   (no gloves)
MR       .....                  (no boots)
Stlth    +.........             (no amulet)
HPRegen  0.14/turn              (no ring)
MPRegen  0.10/turn              (no ring)

@: agile
A: negative energy resistance 1, electricity resistance, unbreathing,
petrification resistance, rot immunity, AC +4
a: no special abilities


You were in an ossuary.
You were not hungry.

You visited 1 branch of the dungeon, and saw 4 of its levels.
You also visited: Ossuary.

You collected 133 gold pieces.

Inventory:

Hand Weapons
 a - a +1 flail (weapon)
Armour
 b - a +0 scale mail (worn)
 c - a +0 shield (worn)
 k - a +0 plate armour
Scrolls
 f - a scroll of immolation
Potions
 d - a potion of might
 e - a potion of curing {unknown}
 g - 3 potions of haste
 i - 3 potions of brilliance
Comestibles
 h - a ration


   Skills:
 + Level 4.8 Fighting
 * Level 5.0 Maces & Flails
 + Level 4.9 Armour
 + Level 4.8 Shields


You had 6 spell levels left.
You didn't know any spells.

Dungeon Overview and Level Annotations

Branches:
Dungeon (4/15)             Temple (0/1) D:4

Altars:

Shops:
D:4 %


Innate Abilities, Weirdness & Mutations

You are resistant to torment.
Your stone body is resilient. (AC +4)
You are immune to poison.
You resist negative energy. (rN+)
You are resistant to electric shocks. (rElec)
You can survive without breathing.
You are immune to petrification.
You are immune to rotting.


Message History

You sock the mummy!
You destroy the mummy!
The mummy hits you but does no damage.
You barely miss the mummy. The mummy hits you.
* * * LOW HITPOINT WARNING * * *
You hit the mummy.
The mummy is lightly damaged.
The mummy closely misses you.
You barely miss the mummy.
The mummy is lightly damaged.
You block the mummy's attack.
It was a potion of agility.
You feel agile all of a sudden.
You thump the mummy!
The mummy is severely damaged.
The mummy closely misses you.
You hit the mummy but do no damage.
The mummy is severely damaged.
The mummy hits you!
You die...

####### ###########
..#...#!!!!#...#...#
..'.∩.#!$(!+.∩.M^..#
..#...#!!!?# #@..#
^^##### ### #.^^#
..# #..^# #'# ###'#
..# #...# ..# #...#
..# #...# ..# #...#
### ##'##


You could see a mummy.

Vanquished Creatures
  4 water moccasin zombies (Ossuary)
  An orc priest (D:4)
  A centaur skeleton (D:4)
  An orc wizard (D:4)
  A big kobold zombie (Ossuary)
  A mummy (Ossuary)
  A gnoll (D:1)
  5 adders
  3 oozes (D:1)
  4 adder zombies (Ossuary)
  2 worms
  A dart slug (D:3)
  2 leopard geckos
  10 orcs
  7 giant cockroaches
  8 goblins
  9 hobgoblins
  8 jackals
  4 kobolds
  A quokka (D:3)
  4 bats
  11 frilled lizards
  10 hobgoblin zombies (Ossuary)
  A jackal skeleton (D:4)
  5 kobold zombies (Ossuary)
  6 orc zombies (Ossuary)
  8 rats
119 creatures vanquished.

Notes
Turn   | Place    | Note
-------+----------+-------------------------------------------
     0 | D:1      | Faca the Gargoyle Fighter began the quest for the Orb.
     0 | D:1      | Reached XP level 1. HP: 14/14 MP: 1/1
     1 | D:1      | Found a runed door.
    93 | D:1      | Reached XP level 2. HP: 19/19 MP: 2/2
   451 | D:1      | Reached XP level 3. HP: 24/24 MP: 3/3
   798 | D:1      | Reached skill level 3 in Maces & Flails
   798 | D:1      | Reached XP level 4. HP: 28/29 MP: 4/4
  1576 | D:3      | Reached XP level 5. HP: 33/33 MP: 5/5
  2290 | D:4      | Reached skill level 4 in Maces & Flails
  2290 | D:4      | Reached XP level 6. HP: 28/38 MP: 6/6
  2466 | D:4      | Found a staircase to the Ecumenical Temple.
  2475 | D:4      | Found Taororr's Food Shop.
  2514 | D:4      | Found a sand-covered staircase.
  2518 | D:4      | Noticed an ice beast
  2522 | Ossuary  | Entered an ossuary
  2784 | Ossuary  | Reached XP level 7. HP: 36/44 MP: 7/7
  2897 | Ossuary  | Reached skill level 5 in Maces & Flails
  2975 | Ossuary  | Slain by a mummy

Vault maps used:
D:1:      dpeg_arrival_caged_fury
D:2:      nrook_loot_triangle
D:4:      minmay_temple_entry_mist, first_ration,
          nicolae_ossuary_entry_monument, serial_shops, nicolae_shop_statue_plus
Ossuary:  ossuary_tomb_2

Skill      XL: |  1  2  3  4  5  6  7 |
---------------+----------------------+-----
Maces & Flails | 3 4 5 |  5.0
Fighting       | 4 |  4.8
Shields        | 4 |  4.8
Armour         | 4 |  4.9

Action                   |  1- 3 |  4- 6 |  7- 9 || total
-------------------------+-------+-------+-------++-------
Melee: Flail             |   109 |   274 |    56 ||   439
  Use: Scroll            |       |     8 |       ||     8
       Potion            |       |       |     1 ||     1
  Eat: Ration            |       |     2 |     1 ||     3
Armor: Scale mail        |    63 |   135 |    20 ||   218
Dodge: Dodged            |    36 |    69 |    12 ||   117
Block: Shield            |    61 |   128 |    18 ||   207

Table legend:
 A = Spawn XP
 B = Non-spawn XP
 C = Spawn XP percentage of total XP
 D = Spawn monster count
 E = Non-spawn monster count
 F = Spawn count percentage of total count
 G = Total turns spent on level
                    A         B        C        D         E        F      G
               +---------+---------+-------+---------+---------+-------+---------
         Total |       0 |     760 |   0.0 |       0 |     119 |   0.0 |  2975
               +---------+---------+-------+---------+---------+-------+---------
           D:1 |       0 |      99 |   0.0 |       0 |      40 |   0.0 |   826
           D:2 |       0 |      61 |   0.0 |       0 |      12 |   0.0 |   745
           D:3 |       0 |      73 |   0.0 |       0 |      24 |   0.0 |   649
           D:4 |       0 |     146 |   0.0 |       0 |      12 |   0.0 |   302
       Ossuary |       0 |     381 |   0.0 |       0 |      31 |   0.0 |   453
               +---------+---------+-------+---------+---------+-------+---------
